 Dungeon Crawl Stone Soup version 0.32-a0-918-g0f22ef8d61 (webtiles) character file.

Game seed: 1999867483533175414

91 hexenhour the Gusty (level 4, -6/33 HPs)
             Began as a Draconian Air Elementalist on Apr 10, 2024.
             Mangled by a kobold brigand
             ... wielding a +0 short sword
              (8 damage)
             ... in a sewer.
             The game lasted 00:11:13 (2503 turns).

hexenhour the Gusty (Draconian Air Elementalist)    Turns: 2503, Time: 00:11:14

Health: -6/33      AC:  5    Str: 10    XL:     4   Next: 33%
Magic:  0/7        EV: 11    Int: 17    God:
Gold:   99         SH:  0    Dex: 12    Spells: 7/8 levels left

rFire   . . .        e - +2 trident (heavy)
rCold   . . .        (no shield)
rNeg    . . .        (body armour unavailable)
rPois   .            (helmet restricted)
rElec   .            (no cloak)
rCorr   .            (no gloves)
SInv    .            (no boots)
Will    .....        (no amulet)
Stlth   ++           (no ring)
HPRegen 0.25/turn    (no ring)
MPRegen 0.10/turn

%: no passive effects
@: no status effects
A: AC +5, unfitting armour, cold-blooded
a: no special abilities


You were in a sewer.
You visited 1 branch of the dungeon, and saw 3 of its levels.
You also visited: Sewer.

You collected 99 gold pieces.

Inventory:

Hand Weapons
 e - a +2 heavy trident (weapon)
Wands
 j - a wand of flame (12)
Scrolls
 b - 2 scrolls of teleportation {unknown}
 c - 5 scrolls of noise {unknown}
 d - 2 scrolls of amnesia {unknown}
 f - a scroll of enchant weapon {unknown}
 g - a scroll of silence {unknown}
Potions
 a - a potion of magic
 h - a potion of curing {unknown}
 i - a potion of haste {unknown}
 k - 2 potions of lignification {unknown}


   Skills:
 - Level 1.7 Dodging
 - Level 1.7 Stealth
 + Level 2.6 Spellcasting
 * Level 2.6 Conjurations
 * Level 4.0 Air Magic


You had 7 spell levels left.
You knew the following spells:

 Your Spells              Type           Power      Damage    Failure   Level
a - Shock                 Conj/Air       52%        1d6       4%          1

Your spell library contained the following spells:

 Spells                   Type           Power      Damage    Failure   Level
 Static Discharge         Conj/Air       26%        3-5/arc   7%          2
 Swiftness                Air            15%        N/A       11%         3
 Airstrike                Air            7%         2d(2-18)  34%         4
 Call Canine Familiar     Summ           2%         N/A       50%         3
 Sigil of Binding         Hex            2%         N/A       50%         3
 Dimensional Bullseye     Hex/Tloc       1%         N/A       88%         4


Dungeon Overview and Level Annotations

Branches:
Dungeon (3/15)              Sewer (1/1)

Altars:


Innate Abilities, Weirdness & Mutations

Your plain brown scales are hard. (AC +5)
You cannot fit into any form of body armour.
You are cold-blooded and may be slowed by cold attacks.


Message History

Your magical contamination has completely faded away.
The kobold hits you with a +0 short sword.
The kobold brigand attacks as it pursues you!
The kobold brigand hits you with a +0 short sword.
You puncture the kobold!
You kill the kobold!
The kobold brigand misses you.
The kobold brigand hits you with a +0 short sword.
You closely miss the kobold brigand.
Your tail-slap misses the kobold brigand.
The kobold brigand is heavily wounded.
The kobold brigand hits you with a +0 short sword.
Casting: Shock (safe; 4% risk of failure)
Confirm with . or Enter, or press ? or * to list all spells.
Aiming: Shock (safe; 4% risk of failure)
Press: ? - help, Shift-Dir - straight line, f - kobold brigand
Aim: a kobold brigand, wielding a +0 short sword and quivering curare-tipped darts (heavily wounded, 60% to hit)
The zap hits the kobold brigand.
The kobold brigand is severely wounded.
The kobold brigand hits you with a +0 short sword!
* * * LOW HITPOINT WARNING * * *
Casting: Shock (safe; 4% risk of failure)
Confirm with . or Enter, or press ? or * to list all spells.
Aiming: Shock (safe; 4% risk of failure)
Press: ? - help, Shift-Dir - straight line, f/p - kobold brigand
Aim: a kobold brigand, wielding a +0 short sword and quivering curare-tipped darts (severely wounded, 60% to hit)
The zap hits the kobold brigand.
The kobold brigand is severely wounded.
The kobold brigand hits you with a +0 short sword.
* * * LOW HITPOINT WARNING * * *
You closely miss the kobold brigand. You tail-slap the kobold brigand.
The kobold brigand is severely wounded.
The kobold brigand hits you with a +0 short sword.
* * * LOW HITPOINT WARNING * * *
The kobold brigand hits you but does no damage.
You barely miss the kobold brigand.
Your tail-slap misses the kobold brigand.
The kobold brigand is severely wounded.
The kobold brigand hits you with a +0 short sword!
You die...

#......#~≈~~P.
#......#~≈~~~
#......#~≈~~
#......#~≈~#
#....~~#~~~#
#...~~#~≈~#
##K..~~~~≈~#
#@)..~~~~≈~#
###...~#~≈~#
#.)..#~≈~#
##''##~~~#
#..).#~≈~#
#...!#~≈~#
#..∩!#~≈~#
#!..?#~≈~#
######~≈~#


You could see a kobold brigand.

Vanquished Creatures
  An adder (D:3)
  8 ribbon worms
  2 dart slugs
  2 endoplasms
  3 giant cockroaches
  6 goblins
  6 hobgoblins
  5 jackals
  3 quokkas
  6 ball pythons
  3 bats
  3 frilled lizards
  4 kobolds
  4 rats
56 creatures vanquished.

Notes
Turn   | Place    | Note
-------+----------+-------------------------------------------
     0 | D:1      | hexenhour the Draconian Air Elementalist began the quest
                  | for the Orb.
     0 | D:1      | Reached XP level 1. HP: 14/14 MP: 3/3
   415 | D:1      | Reached XP level 2. HP: 15/20 MP: 0/5
   999 | D:2      | Reached XP level 3. HP: 26/26 MP: 0/6
  2049 | D:3      | Reached XP level 4. HP: 25/33 MP: 7/7
  2183 | D:3      | Reached skill level 4 in Air Magic
  2232 | D:3      | Found a glowing drain.
  2365 | Sewer    | Entered a sewer
  2482 | Sewer    | Noticed a kobold brigand
  2502 | Sewer    | HP: 1/33 [kobold brigand/+0 short sword (3)]
  2503 | Sewer    | Mangled by a kobold brigand

Illustrated notes

Levels and vault maps discovered:
D:1:      psy_arrival_heroes, layout_basic
D:2:      layout_basic, kennysheep_decorative_pillar,
          minmay_misc_feat_secret_circle, st_stairs_8, minmay_tromino_v7
D:3:      layout_loops_ring, worldfamousw_hep_ancestral_shrine,
          cheibrodos_sewer_entry_bend
Sewer:    kennysheep_pipe_town

Skill      XL: |  1  2  3  4 |
---------------+-------------+-----
Conjurations   | 2 |  2.6
Air Magic      | 4 |  4.0
Dodging        | |  1.7
Stealth        | |  1.7
Spellcasting   | |  2.6

Action                     |  1- 3 |  4- 6 || total
---------------------------+-------+-------++-------
  Melee: Trident           |    58 |    23 ||    81
         Unarmed           |     1 |       ||     1
         Tailslap          |     4 |     3 ||     7
   Cast: Shock             |    51 |    19 ||    70
   Stab: Sleeping          |     6 |     1 ||     7
 Armour: Skin              |    66 |    55 ||   121
  Dodge: Dodged            |    53 |    20 ||    73

Table legend: (Time is in decaauts)
 A = Elapsed time spent in this place.
 B = Non-inter-level travel time spent in this place.
 C = Inter-level travel time spent in this place.
 D = Time resting spent in this place.
 E = Time spent auto-exploring this place.
 F = Levels seen in this place.
 G = Mean time per level.
                   A        B        C        D        E       F      G
               +--------+--------+--------+--------+--------+-----+--------+
         Total |   2587 |   2534 |     53 |    259 |   1514 |   4 |  646.8 |
       Dungeon |   2438 |   2385 |     53 |    159 |   1491 |   3 |  812.7 |
         Sewer |    149 |    149 |      0 |    100 |     23 |   1 |  149.0 |
               +--------+--------+--------+--------+--------+-----+--------+

Top non-repeatable levels by time:
     D:2: 1044 daAuts
     D:1: 863 daAuts
     D:3: 530 daAuts
   Sewer: 149 daAuts
